AoeStats
← Arsen

Arabia

510465423Analyzed
1v1 RM · 1d ago on Oct 1, 2026· 47m 57s· 2 players
Game mode
Random Map
Map size
Tiny (2 player)
Population
200
Speed
Normal
Resources
Standard
Victory
Conquest
Starting age
Dark Age
Ending age
Imperial Age
RankedLock teamsTeams togetherTeam positionsShared explorationLock speedFull tech treeHidden civsTurbo modeCheats
Victory
Defeat
🇹🇼 Danes · Taiwan
1129
+14
🇲🇽 Armenians · Mexico
1087
-14
無際
6:36 Loom
9:19 Feudal Age
11:09 Double-Bit Axe
16:19 Horse Collar
21:51 Fletching
25:47 Castle Age
24:10 Gold Mining
24:31 Bloodlines
25:46 Forging
25:44 Scale Barding Armor
27:58 Wheelbarrow
27:46 Bodkin Arrow
27:57 Husbandry
28:41 Padded Archer Armor
28:55 Bow Saw
28:52 Light Cavalry
31:53 Iron Casting
35:00 Leather Archer Armor
35:06 Chain Barding Armor
38:53 Imperial Age
37:08 Stone Mining
37:54 Gold Shaft Mining
37:52 Sanctity
38:00 Hand Cart
39:38 Bracer
40:16 Plate Barding Armor
39:13 Capped Ram
40:55 Ring Archer Armor
40:28 Cranequins
41:18 Thumb Ring
42:15 Ballistics
42:12 Siege Ram
44:01 Conscription
44:02 Cranequins
Arsen
7:18 Loom
9:42 Feudal Age
10:18 Man-at-Arms
15:32 Double-Bit Axe
21:48 Castle Age
20:19 Stone Mining
20:12 Horse Collar
21:34 Padded Archer Armor
25:29 Wheelbarrow
26:12 Scale Barding Armor
26:42 Bloodlines
27:30 Bow Saw
28:56 Chain Barding Armor
28:59 Husbandry
29:44 Fletching
31:06 Forging
30:45 Elite Skirmisher
34:32 Bodkin Arrow
40:39 Imperial Age
41:16 Ballistics
42:19 Bracer
42:52 Leather Archer Armor
44:49 Chemistry
44:56 Ring Archer Armor
44:12 Pikeman
46:23 Hand Cart
45:42 Halberdier
47:53 Scale Mail Armor
48:04 Forging
Connection lost

Rejoining the realm…

Still unreachable

The connection could not be restored.

Session expired

The server has moved on; the page needs a fresh start.